Map: Blackburn LE

Players

Ryu

  • Race: Zerg Zerg

SpeCial - Winner!

  • Race: Terran Terran

Event: DreamHack SC2 Masters 2021 Winter

VOD

Have the link to the VOD?

Description

Time

  • Played on: Sept. 29, 2021, 3:10 p.m.
  • Length: 9:06

All games in this series

Show
View Real Time Build Order
Export as new Build Order

Ryu Zerg 

Build Orders: Hatch First 

Get SALT Encoding   

  12  0:00  Drone  
  13  0:12  Overlord  
  13  0:17  Drone  
  14  0:31  Drone x2  
  16  0:48  Hatchery  
  15  0:52  Drone  
  15  0:55  Drone  
  17  0:58  Drone  
  17  1:01  Extractor  
  17  1:14  Spawning Pool  
  17  1:17  Drone  
  17  1:21  Drone  
  18  1:27  Drone  
  19  1:38  Drone  
  20  1:50  Overlord  
  20  2:01  Queen x2  
  20  2:02  Zergling x2  
  20  2:03  Zergling x2  
  26  2:09  Metabolic Boost  
  26  2:13  Drone  
  27  2:16  Drone  
  28  2:23  Drone x2  
  29  2:45  Hatchery  
  29  2:47  Queen  
  29  2:50  Drone  
  31  2:51  Drone  
  31  2:55  Overlord  
  32  2:59  Drone  
  32  3:02  Overlord  
  32  3:05  Drone  
  34  3:09  Drone  
  35  3:14  Zergling x2  
  35  3:15  Zergling x2  
  35  3:16  Drone x2  
  35  3:19  Drone  
  40  3:21  Drone  
  40  3:23  Drone  
  42  3:32  Drone  
  42  3:33  Drone x3  
  46  3:38  Roach Warren  
  45  3:42  Drone  
  46  3:50  Queen  
  46  3:51  Queen, Drone  
  51  3:59  Overlord  
  51  4:00  Zergling x4  
  53  4:03  Drone  
  53  4:06  Drone x3  
  53  4:09  Spore Crawler  
  56  4:12  Spore Crawler  
  54  4:19  Drone  
  54  4:22  Spore Crawler, Drone x3  
  54  4:23  Drone  
  58  4:28  Overlord  
  58  4:29  Overlord  
  58  4:36  Lair  
  58  4:42  Spore Crawler  
  58  4:45  Drone  
  58  4:48  Roach x3  
  58  4:50  Drone x3  
  67  4:59  Drone x3  
  71  5:00  Drone  
  71  5:03  Queen  
  71  5:06  Drone  
  74  5:07  Extractor x2  
  72  5:14  Drone x2  
  72  5:17  Overlord x2  
  72  5:19  Overlord  
  74  5:33  Hatchery  
  71  5:36  Overseer  
  70  5:43  Drone x3  
  70  5:44  Extractor, Drone  
  70  5:45  Drone x7  
  80  5:50  Drone  
  80  5:55  Extractor  
  80  5:57  Evolution Chamber  
  80  6:00  Drone x2  
  80  6:01  Extractor, Drone  
  80  6:02  Drone x2  
  83  6:08  Drone x3  
  86  6:13  Evolution Chamber, Baneling Nest  
  84  6:18  Queen  
  84  6:19  Overlord  
  84  6:20  Overlord  
  84  6:22  Drone x3  
  87  6:26  Hatchery  
  87  6:28  Zerg Ground Armor Level 1  
  87  6:29  Roach x2  
  87  6:30  Overlord  
  87  6:31  Overlord  
  90  6:39  Ravager x3  
  92  6:40  Drone x2  
  92  6:41  Drone x4  
  92  6:44  Zerg Melee Weapons Level 1  
  92  6:45  Zergling x6  
  101  6:51  Roach  
  101  6:52  Roach x2  
  107  6:58  Roach x2  
  107  6:59  Roach x2  
  111  7:08  Roach x4  
  111  7:14  Spore Crawler, Drone  
  111  7:15  Drone  
  108  7:23  Ravager x5  
  108  7:28  Drone x9  
  119  7:31  Zergling x2  
  119  7:38  Overlord  
  119  7:40  Zergling x12  
  125  7:47  Centrifugal Hooks  
  125  7:51  Overlord x2  
  125  7:58  Zergling x16  
  133  8:03  Extractor  
  133  8:04  Extractor  
  130  8:06  Baneling x4  
  130  8:07  Zergling x8  
  119  8:13  Zergling x2  
  119  8:15  Overseer  
  119  8:18  Queen x4  
  121  8:26  Zergling x6  
  121  8:27  Zergling x20  
  126  8:36  Zergling x2  
  126  8:37  Zergling x6  
  125  8:42  Zergling x2  
Show
View Real Time Build Order
Export as new Build Order

SpeCial Terran - Winner!

Build Orders: Gas First Reaper Expand, Banshee Rush 

Get SALT Encoding   

  12  0:00  SCV  
  13  0:12  SCV  
  14  0:17  Supply Depot  
  14  0:24  SCV  
  14  0:27  Refinery  
  15  0:38  SCV  
  16  0:44  Barracks  
  16  0:51  SCV  
  17  1:03  SCV  
  18  1:15  SCV  
  19  1:31  Orbital Command, Reaper  
  20  1:42  Command Center  
  20  1:53  Factory  
  20  1:58  SCV  
  21  2:06  Barracks Reactor  
  21  2:10  SCV  
  21  2:14  Supply Depot  
  22  2:16  Refinery  
  22  2:22  SCV  
  23  2:36  SCV  
  24  2:45  Starport  
  24  2:48  SCV  
  24  2:50  Hellion x2  
  29  2:53  Barracks Tech Lab  
  29  2:55  Orbital Command  
  29  3:00  SCV  
  30  3:12  SCV  
  31  3:15  Hellion x2  
  35  3:21  SCV  
  35  3:25  SCV  
  37  3:27  Cloaking Field  
  37  3:29  Banshee  
  37  3:33  SCV  
  41  3:34  Supply Depot  
  41  3:38  SCV  
  42  3:43  Marine x2  
  42  3:45  SCV  
  42  3:46  Factory Reactor  
  45  3:50  SCV  
  46  3:57  SCV  
  46  3:58  Supply Depot  
  46  4:00  Marine  
  46  4:01  Marine  
  46  4:02  SCV  
  48  4:09  SCV  
  49  4:13  Banshee  
  49  4:15  SCV  
  53  4:18  Marine  
  53  4:20  Marine  
  53  4:21  SCV  
  53  4:24  Command Center  
  56  4:27  Factory Tech Lab  
  56  4:31  SCV  
  57  4:33  SCV  
  57  4:34  Supply Depot  
  56  4:43  SCV  
  58  4:45  SCV  
  58  4:47  Barracks  
  58  4:51  Factory Reactor  
  58  4:55  SCV, Barracks  
  58  4:56  Marine  
  58  4:57  Stimpack  
  60  5:00  SCV  
  60  5:05  Supply Depot  
  60  5:06  Starport Reactor  
  61  5:07  SCV  
  61  5:12  Engineering Bay x2  
  62  5:14  Marine  
  62  5:18  SCV  
  64  5:22  SCV  
  64  5:25  Refinery  
  64  5:26  Refinery  
  65  5:30  SCV  
  65  5:32  Marine  
  65  5:34  SCV  
  68  5:41  Orbital Command  
  68  5:43  Marine x2  
  68  5:45  Supply Depot, SCV  
  68  5:46  Terran Infantry Armor Level 1, SCV, Terran Infantry Weapons Level 1  
  68  5:48  Medivac x2  
  76  5:52  Marine x2  
  76  5:53  Marine  
  79  5:57  SCV  
  79  6:00  SCV  
  79  6:01  Marine x2  
  83  6:05  Orbital Command  
  83  6:09  SCV  
  84  6:11  Marine x2  
  84  6:12  SCV  
  84  6:13  Barracks, Marine  
  84  6:14  Barracks  
  84  6:17  Supply Depot  
  88  6:19  Marine x2  
  88  6:21  Siege Tank  
  88  6:22  SCV  
  88  6:24  SCV  
  95  6:29  Marine x2  
  95  6:31  SCV  
  98  6:33  Marine  
  98  6:34  SCV  
  98  6:36  SCV  
  98  6:37  Marine x2  
  101  6:43  Combat Shield, SCV  
  102  6:47  Marine x2  
  102  6:48  Medivac, SCV x2  
  102  6:50  Supply Depot  
  102  6:54  Marine  
  109  6:55  Supply Depot  
  109  7:06  SCV  
  109  7:07  Marine x3  
  109  7:08  SCV  
  109  7:09  SCV  
  109  7:10  Medivac  
  109  7:11  Siege Tank  
  109  7:14  Barracks Reactor, Refinery  
  109  7:15  Barracks Reactor  
  112  7:16  Supply Depot  
  112  7:18  SCV  
  112  7:20  SCV, Barracks  
  112  7:21  SCV  
  115  7:23  Barracks x2  
  115  7:24  Marine  
  115  7:28  Marine x2  
  115  7:29  Marine  
  119  7:30  Marauder, SCV  
  119  7:33  SCV x2  
  124  7:39  Armory  
  124  7:41  Marine  
  124  7:42  Supply Depot  
  124  7:43  Siege Tank  
  124  7:44  Supply Depot  
  127  7:46  Marine x2  
  127  7:47  Supply Depot  
  129  7:54  Marine x2  
  129  7:55  Marauder  
  133  8:02  Concussive Shells  
  133  8:03  Marine x2  
  135  8:06  Supply Depot x2  
  135  8:07  SCV  
  135  8:12  Marine x2  
  131  8:16  Marauder  
  131  8:17  Marine  
  131  8:18  Marine  
  131  8:19  Medivac, Siege Tank  
  138  8:20  Medivac  
  138  8:21  Marine  
  138  8:22  Marine  
  138  8:23  Barracks Tech Lab x3  
  142  8:28  Marine x2  
  142  8:31  Marine x2  
  145  8:35  Marine x2  
  145  8:38  Marauder, Supply Depot  
  145  8:39  Marine x2  
  145  8:40  Supply Depot  
  151  8:45  Marine x2  
  154  8:58  Command Center  

Tags
 
Add a new tag
Caveats
  • Supply blocks, unpowered buildings, or Contaminate may cause inaccurate times.
  • Supply counts are checked every 10 seconds.